Map: Eternal Empire LE

Players

ShoWTimE - Winner!

  • Race: Protoss Protoss
  • League: Grandmaster
  • Spawn Location: 1:00

BratOK (Brat_OK)

  • Race: Terran Terran
  • League: Master
  • Spawn Location: 7:00

Event: DreamHack SC2 Masters 2020 Fall

VOD

Have the link to the VOD?

Description

Time

  • Played on: Sept. 4, 2020, 2:51 p.m.
  • Length: 11:24

All games in this series

Show
View Real Time Build Order
Export as new Build Order

ShoWTimE Protoss - Winner!

Build Orders: 1 Gate Expand, Blink Stalkers 

Get SALT Encoding   

  12  0:00  Probe  
  13  0:12  Probe  
  14  0:17  Pylon  
  14  0:24  Probe (Chrono Boost)  
  15  0:36  Probe (Chrono Boost)  
  15  0:37  Gateway  
  16  0:44  Probe (Chrono Boost)  
  16  0:47  Assimilator  
  17  0:51  Probe  
  18  1:03  Probe  
  19  1:15  Probe  
  20  1:24  Cybernetics Core  
  20  1:34  Nexus  
  20  1:35  Probe  
  21  1:42  Pylon  
  21  1:48  Probe  
  21  1:51  Assimilator  
  22  1:59  Adept (Chrono Boost)  
  22  2:00  Probe  
  23  2:07  Warp Gate  
  25  2:13  Probe  
  26  2:20  Stalker (Chrono Boost)  
  28  2:25  Probe  
  29  2:34  Twilight Council  
  29  2:37  Probe (Chrono Boost)  
  30  2:46  Stalker  
  30  2:47  Probe (Chrono Boost)  
  34  2:55  Probe (Chrono Boost)  
  34  2:57  Probe (Chrono Boost)  
  35  3:01  Probe x2 (Chrono Boost)  
  35  3:03  Gateway  
  37  3:08  Blink (Chrono Boost)  
  37  3:13  Probe x2  
  39  3:25  Probe  
  40  3:30  Probe  
  40  3:33  Robotics Facility  
  41  3:37  Probe  
  40  3:44  Probe  
  40  3:47  Pylon  
  41  3:49  Probe  
  41  3:52  Nexus  
  41  3:55  Sentry  
  44  3:57  Probe  
  44  4:00  Pylon  
  44  4:01  Probe  
  46  4:05  Phoenix  
  46  4:07  Assimilator  
  46  4:08  Stalker  
  48  4:10  Probe  
  48  4:13  Probe  
  50  4:18  Pylon  
  50  4:21  Observer  
  50  4:23  Probe, Stalker  
  54  4:26  Probe  
  55  4:32  Stalker  
  55  4:35  Probe, Observer  
  55  4:38  Probe  
  59  4:42  Observer  
  59  4:43  Gateway x2  
  60  4:49  Stalker  
  60  4:51  Probe x2  
  64  4:58  Stalker  
  66  5:03  Probe x2  
  66  5:04  Immortal (Chrono Boost)  
  66  5:06  Probe  
  73  5:11  Observer  
  73  5:15  Probe  
  73  5:16  Probe  
  73  5:17  Shield Battery  
  73  5:19  Probe  
  76  5:22  Stalker x2  
  76  5:27  Probe  
  76  5:28  Probe, Pylon  
  82  5:38  Forge, Assimilator, Observer  
  82  5:39  Probe, Forge  
  84  5:43  Pylon  
  84  5:46  Pylon  
  84  5:47  Probe  
  84  5:48  Probe  
  86  5:51  Probe  
  86  5:52  Charge (Chrono Boost)  
  86  5:55  Assimilator  
  87  5:59  Probe, Assimilator  
  87  6:02  Probe  
  89  6:06  Protoss Ground Armor Level 1 (Chrono Boost), Protoss Ground Weapons Level 1 (Chrono Boost)  
  89  6:07  Phoenix  
  89  6:08  Probe, Gateway  
  90  6:12  Gateway  
  90  6:14  Probe  
  91  6:20  Gateway  
  91  6:21  Probe  
  92  6:25  Sentry  
  92  6:26  Warp Prism  
  92  6:30  Gateway  
  96  6:35  Gateway  
  96  6:37  Templar Archives  
  96  6:44  Gateway  
  96  6:45  Probe x2  
  96  6:46  Pylon  
  98  6:51  Probe, Zealot x3  
  98  6:53  Pylon  
  105  6:58  Shield Battery  
  105  6:59  Zealot  
  105  7:00  Pylon  
  107  7:04  Zealot, Psionic Storm  
  109  7:10  Pylon  
  109  7:14  High Templar x4  
  117  7:19  Zealot  
  117  7:22  Pylon, Observer  
  119  7:24  Pylon  
  119  7:27  Phoenix  
  119  7:30  Zealot x4  
  127  7:38  Pylon  
  127  7:39  Pylon  
  127  7:41  High Templar  
  127  7:43  Pylon  
  129  7:47  Zealot x5  
  139  7:52  Immortal (Chrono Boost)  
  143  8:03  Protoss Ground Armor Level 2 (Chrono Boost)  
  143  8:04  Nexus  
  143  8:08  Zealot x2, Observer  
  143  8:09  Zealot  
  149  8:13  Photon Cannon  
  149  8:16  Protoss Ground Weapons Level 2 (Chrono Boost)  
  149  8:24  Observer  
  149  8:26  Photon Cannon  
  150  8:28  Probe  
  150  8:29  Probe x2, Pylon  
  153  8:40  Probe, High Templar x4  
  162  8:41  Zealot  
  162  8:45  Archon  
  162  8:46  Archon  
  162  8:47  Shield Battery  
  164  8:50  Probe x2  
  164  8:53  Probe  
  164  8:55  Pylon  
  167  8:56  Shield Battery  
  167  8:58  Zealot x3  
  167  9:01  Zealot  
  175  9:08  Robotics Bay, Robotics Facility  
  175  9:10  Probe x2  
  177  9:25  Dark Shrine  
  175  9:31  Observer  
  175  9:36  Pylon  
  175  9:38  Zealot x4  
  179  9:41  Zealot x6  
  193  9:46  Nexus  
  193  9:56  Colossus  
  187  10:26  Zealot x8  
  187  10:27  Zealot x2  
  193  10:35  Unknown  
  169  10:47  Archon, Zealot x3  
  169  10:48  Zealot x7  
Show
View Real Time Build Order
Export as new Build Order

BratOK Terran 

Build Orders: Liberator Opening 

Get SALT Encoding   

  12  0:00  SCV  
  13  0:12  SCV  
  14  0:17  Supply Depot  
  14  0:24  SCV  
  15  0:39  SCV  
  15  0:40  Barracks  
  16  0:45  Refinery  
  16  0:51  SCV  
  17  1:03  SCV  
  18  1:15  SCV  
  19  1:27  Orbital Command  
  19  1:28  Barracks Reactor  
  19  1:42  Command Center  
  19  1:50  Supply Depot  
  19  1:54  SCV  
  20  2:06  Marine x2  
  20  2:07  SCV  
  23  2:14  Factory  
  23  2:19  SCV  
  24  2:23  Bunker  
  24  2:25  Reaper  
  24  2:27  Marine  
  26  2:32  Refinery  
  26  2:35  SCV  
  27  2:45  Marine  
  27  2:47  SCV  
  29  2:57  Marine  
  30  2:58  Starport  
  30  3:03  SCV  
  30  3:04  Orbital Command  
  31  3:10  Widow Mine  
  33  3:16  Marine  
  33  3:18  Marine  
  33  3:30  SCV x2  
  34  3:34  Marine  
  34  3:36  Marine  
  34  3:37  Widow Mine  
  34  3:39  Medivac  
  39  3:44  SCV  
  39  3:45  Supply Depot  
  40  3:55  SCV, Marine x2  
  41  3:59  Factory Tech Lab  
  43  4:04  SCV  
  43  4:09  Supply Depot, Liberator  
  47  4:13  Marine x2  
  49  4:21  SCV, Siege Tank  
  53  4:30  SCV  
  53  4:31  Supply Depot, Marine x2  
  54  4:33  SCV  
  57  4:43  SCV  
  58  4:47  SCV  
  58  4:49  Marine x2  
  58  4:52  Command Center  
  61  4:58  Siege Tank  
  64  5:03  SCV  
  65  5:09  Supply Depot  
  62  5:15  Barracks  
  62  5:21  Marine x2  
  64  5:22  Barracks  
  64  5:23  SCV x2  
  64  5:28  Starport Tech Lab  
  66  5:33  Supply Depot  
  66  5:34  Siege Tank  
  68  5:39  SCV x2  
  70  5:49  Refinery  
  70  5:50  Refinery  
  70  5:51  SCV  
  70  5:53  Marine x2  
  70  5:55  Starport Reactor  
  72  5:58  Supply Depot  
  71  6:04  SCV  
  71  6:05  SCV  
  71  6:06  Orbital Command  
  71  6:07  Engineering Bay x2  
  73  6:16  Combat Shield, Stimpack  
  73  6:18  Marauder  
  69  6:21  SCV  
  70  6:27  SCV  
  70  6:29  Factory Reactor, Orbital Command  
  70  6:30  Marauder, Marine x2  
  75  6:34  Terran Infantry Weapons Level 1  
  75  6:38  Terran Infantry Armor Level 1  
  75  6:39  SCV  
  76  6:44  Marauder  
  76  6:45  SCV  
  79  6:48  Marine x2  
  79  6:52  SCV  
  79  6:54  Marine  
  82  6:59  Medivac x2  
  82  7:01  SCV x2  
  89  7:04  SCV  
  89  7:07  Barracks  
  90  7:08  Barracks  
  90  7:13  SCV  
  91  7:19  Widow Mine  
  91  7:20  Marine  
  91  7:21  Marine  
  91  7:22  SCV x2  
  97  7:25  SCV  
  97  7:26  Supply Depot x2  
  97  7:29  Medivac x2  
  100  7:34  Marauder x2  
  100  7:36  SCV x2  
  106  7:38  Marine x2  
  106  7:39  Concussive Shells  
  106  7:44  Armory  
  108  7:47  SCV  
  108  7:50  Refinery  
  108  7:51  Refinery  
  109  7:52  Widow Mine x2  
  109  7:57  Barracks Tech Lab  
  109  7:58  Barracks Reactor  
  111  8:07  SCV x2  
  113  8:13  Supply Depot, Widow Mine x2  
  113  8:14  SCV  
  113  8:19  Supply Depot, Marauder x2, Marine x2  
  124  8:25  SCV  
  125  8:28  Missile Turret  
  125  8:32  Terran Infantry Weapons Level 2  
  125  8:35  SCV, Medivac x2, Widow Mine  
  132  8:41  Terran Infantry Armor Level 2  
  132  8:43  Marauder x2, Marine x4  
  132  8:47  Missile Turret x2  
  140  8:52  Missile Turret  
  140  8:55  Missile Turret  
  140  8:56  Supply Depot  
  140  8:58  Supply Depot  
  139  9:03  Marauder, Marine x3  
  144  9:15  Supply Depot  
  144  9:21  Supply Depot  
  144  9:22  SCV x3  
  147  9:26  Marauder x3, Marine x2  
  155  9:34  SCV  
  154  9:41  Marine x2  
  154  9:42  Supply Depot  
  154  9:43  Supply Depot  
  154  9:44  Supply Depot, Marine  
  157  9:46  SCV  
  157  9:47  Marauder  
  157  9:48  Marauder x2  
  164  9:57  Marine  
  164  9:59  Marine  
  159  10:09  Marauder x2  
  155  10:19  Marine x2  
  155  10:20  Marauder, Liberator x2  
  155  10:31  Command Center  
  155  10:32  Marauder x2, Marine  
  151  10:41  Marauder  
  94  10:43  Marine  
  94  10:47  Marine x2  
  95  10:52  SCV x2  
  95  10:53  Marauder x2  
  97  11:02  Marauder  

Tags
 
Add a new tag
Caveats
  • Supply blocks, unpowered buildings, or Contaminate may cause inaccurate times.
  • Supply counts are checked every 10 seconds.